 Dungeon Crawl Stone Soup version 0.20-a0-441-g89e74e4 (webtiles) character file.

46 Kriby the Magician (level 3, 0/24 HPs)
             Began as a Mummy Fire Elementalist on Jan 6, 2017.
             Slain by Ijyb (2 damage)
             ... on level 2 of the Dungeon.
             The game lasted 00:02:20 (2525 turns).

Kriby the Magician (Mummy Fire Elementalist)        Turns: 2525, Time: 00:02:20

Health: 0/24       AC:  4    Str: 14    XL:     3   Next: 46%
Magic:  0/8        EV: 12    Int: 15    God:
Gold:   77         SH:  0    Dex: 12    Spells: 8/9 levels left

rFire  . . .     SeeInvis .     c - +0 dagger
rCold  + . .     Gourm    .     a - +0 robe
rNeg   + + +     Faith    +     (no shield)
rPois  ∞         Spirit   .     m - +0 helmet
rElec  .         Reflect  .     (no cloak)
rCorr  .         Harm     .     j - +0 pair of gloves {Str+3}
MR     .....                    (no boots)
Stlth  ++........               e - amulet of faith
                                g - ring of protection from cold
                                f - ring of fire

@: very slightly contaminated
A: no food or potions, fire vulnerability, cold resistance 1, negative energy
resistance 3, torment resistance, unbreathing
a: no special abilities


You were on level 2 of the Dungeon.
You were not hungry.

You visited 1 branch of the dungeon, and saw 2 of its levels.

You collected 77 gold pieces.

Inventory:

Hand Weapons
 c - a +0 dagger (weapon)
Missiles
 d - 6 javelins (quivered)
Armour
 a - a +0 robe (worn)
 j - a +0 pair of gloves of strength (worn)
 m - a +0 helmet (worn)
Jewellery
 e - an amulet of faith (around neck)
 f - a ring of fire (left hand)
 g - a ring of protection from cold (right hand)
Scrolls
 h - 2 scrolls of identify {unknown}
 i - 2 scrolls of remove curse {unknown}
 k - a scroll of enchant armour {unknown}
Books
 b - a book of Flames

   Spells                             Type                      Level
   a - Flame Tongue                   Conjuration/Fire             1
   b - Throw Flame                    Conjuration/Fire             2
   c - Conjure Flame                  Conjuration/Fire             3
   d - Inner Flame                    Hexes/Fire                   3
   e - Sticky Flame                   Conjuration/Fire             4
   f - Fireball                       Conjuration/Fire             5
 l - a book of Misfortune

   Spells                             Type                      Level
   a - Confusing Touch                Hexes                        1
   b - Confuse                        Hexes                        3
   c - Gell's Gravitas                Hexes/Translocation          3
   d - Petrify                        Transmutation/Earth          4
   e - Metabolic Englaciation         Hexes/Ice                    5
   f - Yara's Violent Unravelling     Hexes/Transmutation          5


   Skills:
 - Level 1.5 Dodging
 - Level 1.5 Stealth
 * Level 3.8 Spellcasting
 * Level 1.8 Conjurations
 + Level 2.6 Fire Magic


You had 8 spell levels left.
You knew the following spells:

 Your Spells              Type           Power        Failure   Level  Hunger
a - Flame Tongue          Conj/Fire      ##...        10%         1    N/A

Dungeon Overview and Level Annotations

Branches:
Dungeon (2/15)

Altars:
Ru

Annotations:
D:2 Ijyb


Innate Abilities, Weirdness & Mutations

You do not eat or drink.
Your flesh is vulnerable to fire.
You are immune to poison.
Your flesh is cold resistant. (rC+)
You are immune to negative energy. (rN+++)
You are immune to unholy pain and torment.
You can survive without breathing.


Message History

* * * LOW HITPOINT WARNING * * *
There is a large open door here.
Casting: Flame Tongue
Confirm with . or Enter, or press ? or * to list all spells.
Aiming: Flame Tongue
Press: ? - help, Shift-Dir - straight line, f/p - Ijyb
Aim: Ijyb (moderately wounded)
You feel a surge of power!
The flame tongue hits Ijyb.
Ijyb is heavily wounded.
Ijyb hits you.
* * * LOW HITPOINT WARNING * * *
Casting: Flame Tongue
Confirm with . or Enter, or press ? or * to list all spells.
Aiming: Flame Tongue
Press: ? - help, Shift-Dir - straight line, f/p - Ijyb
Aim: Ijyb (heavily wounded)
You feel a surge of power!
The flame tongue hits Ijyb.
Ijyb is almost dead.
Ijyb hits you.
You die...

#.# #.###
###...###
###≈≈...≈≈###
##≈≈≈≈...≈≈≈≈#
#≈≈≈##'''##≈≈≈
#≈≈≈#.....# ≈≈
#...#.÷...# .
#...#...@.#
##)##...g.#
#...#)÷...#
#...#.....#
#...#.....#
##'##.....##+
#............#
#............#
#...##########


You could see Ijyb.

Vanquished Creatures
  A leopard gecko (D:2)
  2 giant cockroaches (D:1)
  6 hobgoblins
  A jackal (D:2)
  A quokka (D:2)
  6 bats
  4 frilled lizards
  11 goblins
  6 kobolds
  4 rats
42 creatures vanquished.

Notes
Turn   | Place    | Note
-------+----------+-------------------------------------------
     0 | D:1      | Kriby the Mummy Fire Elementalist began the quest for the Orb.
     0 | D:1      | Reached XP level 1. HP: 13/13 MP: 4/4
    34 | D:1      | Reached skill level 3 in Spellcasting
   316 | D:1      | Reached skill level 1 in Conjurations
   360 | D:1      | Reached XP level 2. HP: 19/19 MP: 6/6
  1655 | D:2      | Reached XP level 3. HP: 21/24 MP: 1/8
  1787 | D:2      | Found a sacrificial altar of Ru.
  2495 | D:2      | Noticed Ijyb
  2516 | D:2      | HP: 1/24 [Ijyb (2)]
  2525 | D:2      | Slain by Ijyb

Vault maps used:
D:1:      dpeg_arrival_castle
D:2:      kennysheep_goblin_castle, first_bread, nicolae_ru_path_of_blood

Skill      XL: |  1 |
---------------+----+-----
Spellcasting   | 3 |  3.8
Conjurations   | 1 |  1.8
Dodging        | |  1.5
Stealth        | |  1.5
Fire Magic     | |  2.6

Action                   || total
-------------------------++-------
Melee: Dagger            ||    12
Throw: Javelin           ||    18
 Cast: Flame Tongue      ||    66
Armor: Robe              ||    15
Dodge: Dodged            ||    37
